 Dungeon Crawl Stone Soup version 0.14-a0-2950-gbe29d66 (webtiles) character file.

380 Quh the Sneak (level 5, -3/24 HPs)
             Began as a Spriggan Enchanter on Mar 4, 2014.
             Slain by a gnoll
             ... wielding a +0,+2 spear
              (12 damage)
             ... on Level 4 of the Dungeon.
             The game lasted 00:18:58 (3066 turns).

Quh the Sneak (Spriggan Enchanter)                  Turns: 3066, Time: 00:18:58

HP  -3/24        AC  3     Str  5      XL: 5   Next: 27%
MP   1/16        EV 18     Int 16      God:
Gold 208         SH  0     Dex 17      Spells:  2 memorised,  7 levels left

rFire  . . .     SeeInvis +     b - +2,+0 dagger (drain)
rCold  . . .     Clarity  .     C - +1 robe
rNeg   . . .     Conserve .     (shield restricted)
rPois  +         rCorr    .     (helmet restricted)
rElec  .         rRot     .     (no cloak)
SustAb . .       Spirit   .     (gloves unavailable)
rMut   .         Warding  .     (boots unavailable)
Saprov . . .     Stasis   .     (no amulet)
MR     .....                    k - +4,+5 ring of slaying {unknown}
                                h - ring of poison resistance

@: very slightly contaminated, very quick, not resistant to hostile
enchantments, quite stealthy
A: unfitting armour, see invisible, herbivore 3, speed 3, slow metabolism 2
a: no special abilities


You were on level 4 of the Dungeon.
You were hungry.

You visited 1 branch of the dungeon, and saw 4 of its levels.

You collected 208 gold pieces.

Inventory:

Hand weapons
 a - a +2,+1 dagger
 b - a +2,+0 dagger of draining (weapon)
 s - a +0,+0 short sword
 x - a +0,+1 whip
Missiles
 d - 12 darts (quivered)
Armour
 t - a +0 robe
 C - a +1 robe (worn)
 E - a +0 robe
Magical devices
 q - a wand of enslavement (14) {unknown}
 r - a wand of polymorph (14) {unknown}
Comestibles
 B - a choko
 D - a slice of pizza
Scrolls
 f - 2 scrolls of recharging
 i - a scroll of enchant weapon I
 l - 2 scrolls of teleportation
 m - a scroll of noise
 n - a scroll of enchant weapon II {unknown}
 p - a scroll of amnesia
 u - a scroll of immolation {unknown}
 w - 2 scrolls of remove curse {unknown}
 y - a scroll of identify
 A - a scroll of magic mapping {unknown}
Jewellery
 h - a ring of poison resistance (left hand)
 k - a +4,+5 ring of slaying (right hand) {unknown}
Potions
 e - a potion of porridge
 g - 3 potions of curing {unknown}
 j - 2 potions of lignification {unknown}
 o - 2 potions of speed {unknown}
 v - a potion of beneficial mutation {unknown}
Books
 c - a book of Maledictions

   Spells                             Type                      Level
   *Corona                            Hexes                        1
   Sure Blade                         Hexes/Charms                 2
   *Ensorcelled Hibernation           Hexes/Ice                    2
   Confuse                            Hexes                        3
   Enslavement                        Hexes                        4
   Invisibility                       Hexes                        6
 z - a book of Wizardry

   Spells                             Type                      Level
   Summon Elemental                   Summoning                    4
   Agony                              Necromancy                   5
   Force Lance                        Conjuration                  5
   Fireball                           Conjuration/Fire             5
   Haste                              Charms                       6
   Invisibility                       Hexes                        6


   Skills:
 * Level 3.4 Short Blades
 - Level 1.1 Throwing
 - Level 3.0 Dodging
 * Level 5.7 Stealth
 - Level 3.2 Spellcasting
 + Level 4.5 Hexes


You had 7 spell levels left.
You knew the following spells:

 Your Spells              Type           Power        Failure   Level  Hunger
a - Corona                Hex            ###....      3%          1    None
b - Ensorcelled Hibernat  Hex/Ice        #.....       12%         2    ##.....


Dungeon Overview and Level Annotations

Branches:
Dungeon (4/16)
 Temple: D:4-7

Altars:
Cheibriados

Annotations:
D:4 Menkaure; yokelz's ghost, average DDBe


Innate Abilities, Weirdness & Mutations

You are tiny and cannot use many weapons and most armour.
You have supernaturally acute eyesight.
You are a herbivore.
You cover ground extremely quickly.
You need consume almost no food.


Message History

The gnoll misses you. The rat misses you.
Casting: Ensorcelled Hibernation
Confirm with . or Enter, or press ? or * to list all spells.
Aiming: Ensorcelled Hibernation
Press: ? - help, Shift-Dir - straight line, f/p - gnoll
Aim: a gnoll, wielding a spear The gnoll is unaffected.
The rat barely misses you.
The gnoll hits you from afar with a spear.
Casting: Ensorcelled Hibernation
Confirm with . or Enter, or press ? or * to list all spells.
Aiming: Ensorcelled Hibernation
Press: ? - help, Shift-Dir - straight line, f/p - gnoll
Aim: a gnoll, wielding a spear The gnoll resists.
You puncture the rat!
You kill the rat!
The gnoll completely misses you.
The gnoll hits you from afar with a spear!
Ouch! That really hurt!
You die...

#......#
#......#
#.(..%.#
#......#
#......#
#......#
#..g...#
#......#
#....@.#
#......#
#......#
#......#
########


You could see a gnoll.

Vanquished Creatures
  A worker ant (D:4)
  Ijyb (D:4)
  Terence (D:2)
  A gnoll (D:4)
  4 adders
  A worm (D:3)
  A scorpion zombie (D:3)
  A ball python (D:1)
  9 bats
  6 giant cockroaches
  5 goblins
  3 hobgoblins
  11 jackals
  7 kobolds
  A quokka (D:2)
  A ball python skeleton (D:4)
  6 giant newts
  A kobold skeleton (D:4)
  15 rats
76 creatures vanquished.

Notes
Turn   | Place    | Note
--------------------------------------------------------------
     0 | D:1      | Quh, the Spriggan Enchanter, began the quest for the Orb.
     0 | D:1      | Reached XP level 1. HP: 9/9 MP: 4/4
   295 | D:1      | Reached XP level 2. HP: 8/13 MP: 7/7
   299 | D:1      | Learned a level 2 spell: Ensorcelled Hibernation
   928 | D:1      | Reached skill level 4 in Stealth
  1197 | D:2      | Found a snail-covered altar of Cheibriados.
  1205 | D:2      | Reached XP level 3. HP: 16/16 MP: 1/9
  1331 | D:2      | Noticed Terence
  1477 | D:2      | Killed Terence
  1845 | D:2      | Reached XP level 4. HP: 21/21 MP: 10/13
  2180 | D:3      | Reached skill level 5 in Stealth
  2594 | D:4      | Noticed Menkaure
  2885 | D:4      | Noticed Ijyb
  2895 | D:4      | Killed Ijyb
  2895 | D:4      | Reached XP level 5. HP: 24/24 MP: 16/16
  2957 | D:4      | Noticed yokelz's ghost (average DDBe)
  3066 | D:4      | Slain by a gnoll

Action                   |  1- 3 |  4- 6 || total
-------------------------+-------+-------++-------
Melee: Dagger            |    92 |    36 ||   128
 Cast: Ensorcelled Hiber |    25 |    18 ||    43
  Use: Scroll            |     3 |     3 ||     6
 Stab: Sleeping          |    21 |    19 ||    40
